 Dungeon Crawl Stone Soup version 0.31-a0-981-geadf994542 (webtiles) character file.

Game seed: 17540798052420296615

1684 Flugkiller the Ducker (level 9, -4/61 HPs)
             Began as an Octopode Shapeshifter on Nov 1, 2023.
             Was an Initiate of Ashenzari.
             Slain by a gnoll sergeant
             ... wielding a +5 trident of protection
              (9 damage)
             ... on level 6 of the Dungeon.
             The game lasted 00:10:40 (5105 turns).

Flugkiller the Ducker (Octopode Shapeshifter)       Turns: 5105, Time: 00:10:41

Health: -4/61      AC:  5    Str: 13    XL:     9   Next: 2%
Magic:  9/9        EV: 16    Int: 13    God:    Ashenzari [......]
Gold:   265        SH:  0    Dex: 15    Spells: 8/8 levels left

rFire   . . .        u - +8 spear "Bound With Me" {freeze, rPois, Comp, Dev} (curse)
rCold   . . .        (no shield)
rNeg    . . .        (helmet currently unavailable)
rPois   +            v - amulet of the acrobat
rElec   +            p - +4 ring of protection
rCorr   .            n - ring "Muemudy" {rElec rPois}
SInv    .            j - +4 ring of slaying
Will    .....        (no ring)
Stlth   ++           (no ring)
HPRegen 0.30/turn    (no ring)
MPRegen 0.11/turn    (no ring)
                     (no ring)

%: acrobat
@: beast-form
A: beast (slay +4), almost no armour, amphibious, 8 rings, camouflage 1,
gelatinous body 1, (nimble swimmer 1), tentacles
a: Begin Untransformation, Renounce Religion, Curse Item, Shatter the Chains


You were on level 6 of the Dungeon.
You worshipped Ashenzari.
Ashenzari was noncommittal.
You were a hulking beast.
You visited 1 branch of the dungeon, and saw 6 of its levels.
You also visited: Sewer.

You collected 265 gold pieces.

Inventory:

Hand Weapons
 o - a +4 spear
   (You found it on level 3 of the Dungeon)
 u - the cursed +8 spear "Bound With Me" (weapon) {freeze, rPois, Comp, Dev}
   (You found it on level 4 of the Dungeon)

   rPois:     It protects you from poison It has a curse which improves the
   following skills: Companions: Summonings and Necromancy.
   Devices:   Evocations and Shapeshifting.
Missiles
 a - 2 curare-tipped darts (quivered)
 e - 2 throwing nets
 f - 2 poisoned darts
Jewellery
 j - a +4 ring of slaying (on tentacle)
   (You found it on level 4 of the Dungeon)
 n - the ring "Muemudy" (right tentacle) {rElec rPois}
   (You found it on level 3 of the Dungeon)

   [ring of poison resistance]

   rElec:     It insulates you from electricity.
   rPois:     It protects you from poison
 p - a +4 ring of protection (left tentacle)
   (You found it on level 3 of the Dungeon)
 v - an amulet of the acrobat (around mantle)
   (You found it on level 1 of the Dungeon)
Talismans
 b - a beast talisman (active)
 c - a flux talisman
Wands
 r - a wand of flame (16)
   (You took it off Ijyb on level 5 of the Dungeon)
Scrolls
 d - 2 scrolls of enchant armour
 h - 2 scrolls of amnesia {unknown}
 k - 2 scrolls of fog {unknown}
 l - 2 scrolls of fear {unknown}
 q - 2 scrolls of poison {unknown}
 s - a scroll of teleportation {unknown}
 x - a scroll of vulnerability {unknown}
Potions
 g - 2 potions of attraction
 i - a potion of heal wounds {unknown}
 m - a potion of berserk rage {unknown}
 t - a potion of invisibility {unknown}
 w - 3 potions of might {unknown}


   Skills:
 + Level 5.0 Fighting
 + Level 7.0 Dodging
 + Level 0.0 Stealth
 - Level 4.5 Unarmed Combat
 - Level 6.7(7.1) Shapeshifting


You had 8 spell levels left.
You didn't know any spells.
Your spell library contained the following spells:

 Spells                   Type           Power      Damage    Failure   Level
 Stone Arrow              Conj/Erth      0%         3d7       67%         3
 Lehudib's Crystal Spear  Conj/Erth      0%         10d2      100%        8
 Animate Armour           Summ/Erth      Unusable   N/A       N/A         4

Dungeon Overview and Level Annotations

Branches:
Dungeon (6/15) Zot: 26924   Sewer (visited)
 Temple: D:4-7

Altars:
Ashenzari
Sif Muna
Vehumet

Shops:
D:5 (

Annotations:
D:3 1 runed translucent door, Crazy Yiuf


Innate Abilities, Weirdness & Mutations

You are a hulking beast.
Your limbs bulge with bestial killing power. (Slay +4)
You cannot wear most types of armour.
You are amphibious.
You can wear up to eight rings at the same time.
Your skin changes colour to match your surroundings (Stealth+).
Your rubbery body absorbs attacks. (AC +1, EV +1)
((You are camouflaged when in or above water. (Stealth+)))
You have tentacles for arms and can constrict up to eight enemies at once.


Message History

You see here 8 stones.
Found a stone staircase leading down.
x - a scroll labelled DYHOTH SIADGH
Found 4 boomerangs.
Unknown command.
You see here 4 boomerangs.
Found a falchion.
There is an open door here.
There is an open door here.
There is an open door here.
There is a stone staircase leading up here.
You see here a +0 whip.
You open the door.
There is an open door here.
There is an open door here.
Done exploring.
Unknown command.
No target in view!
Done exploring.
Done exploring.
There is an open door here.
There is a stone staircase leading down here.
You climb downwards.
Found 4 stones and 15 gold pieces.
There is a stone staircase leading up here.
Unknown command.
You now have 255 gold pieces (gained 15).
Found 5 stones.
You now have 265 gold pieces (gained 10).
A gnoll comes into view. It is wielding a +0 whip.
Unknown command.
You barely miss the gnoll. You grab the gnoll. You constrict the gnoll.
The gnoll misses you.
You hit the gnoll. You freeze the gnoll. You squeeze the gnoll.
You kill the gnoll!
Training target 7.0 for Dodging reached!
Your Dodging skill increases to level 7!
You need to enable at least one skill for training.
Unknown command.
A gnoll sergeant and 2 gnolls come into view.
The gnoll sergeant is wielding a +5 trident of protection.
You see here a +0 whip.
Okay, then.
The gnoll sergeant shouts!
The gnoll shouts!
Unknown command.
You reach to attack!
You puncture the gnoll sergeant! You freeze the gnoll sergeant.
The gnoll sergeant is moderately wounded.
The gnoll sergeant hits you from afar with a +5 trident of protection!
A gnoll comes into view. It is wielding a +0 whip.
You see here a +0 whip.
You reach to attack!
You hit the gnoll sergeant. You freeze the gnoll sergeant.
The gnoll sergeant is heavily wounded.
The gnoll sergeant misses you.
You reach to attack!
You hit the gnoll sergeant but do no damage.
The gnoll sergeant is heavily wounded.
The gnoll sergeant hits you from afar with a +5 trident of protection!
You reach to attack!
You hit the gnoll sergeant but do no damage.
The gnoll sergeant is heavily wounded.
The gnoll sergeant hits you from afar with a +5 trident of protection!
You are too injured to fight recklessly!
You are too injured to fight recklessly!
Reach: u) +8 spear "Bound With Me" {freeze, rPois, Comp, Dev} (curse)
Press: ? - help, Dir - move target, f/p - gnoll sergeant
Aim: a gnoll sergeant, wielding a +5 trident of protection, wearing a +0 ring mail and wearing a +0 buckler (heavily wounded, about 20% to evade the cursed +8 spear "Bound With Me")
You reach to attack!
The gnoll sergeant blocks your attack.
The gnoll sergeant is heavily wounded.
Reach: u) +8 spear "Bound With Me" {freeze, rPois, Comp, Dev} (curse)
Press: ? - help, Dir - move target, f/p - gnoll sergeant
Aim: a gnoll sergeant, wielding a +5 trident of protection, wearing a +0 ring mail and wearing a +0 buckler (heavily wounded, about 20% to evade the cursed +8 spear "Bound With Me")
You reach to attack!
The gnoll sergeant blocks your attack.
The gnoll sergeant is heavily wounded.
The gnoll sergeant hits you from afar with a +5 trident of protection!
Reach: u) +8 spear "Bound With Me" {freeze, rPois, Comp, Dev} (curse)
Press: ? - help, Dir - move target, f/p - gnoll sergeant
Aim: a gnoll sergeant, wielding a +5 trident of protection, wearing a +0 ring mail and wearing a +0 buckler (heavily wounded, about 20% to evade the cursed +8 spear "Bound With Me")
You reach to attack!
You hit the gnoll sergeant. You freeze the gnoll sergeant.
The gnoll sergeant is severely wounded.
The gnoll sergeant closely misses you. x2
Ashenzari invites you to partake of a vision and a curse of alchemy and devices.
Reach: u) +8 spear "Bound With Me" {freeze, rPois, Comp, Dev} (curse)
Press: ? - help, Dir - move target, f/p - gnoll sergeant
Aim: a gnoll sergeant, wielding a +5 trident of protection, wearing a +0 ring mail and wearing a +0 buckler (severely wounded, about 20% to evade the cursed +8 spear "Bound With Me")
You reach to attack!
You hit the gnoll sergeant but do no damage.
The gnoll sergeant is severely wounded.
The gnoll sergeant hits you from afar with a +5 trident of protection!!
* * * LOW HITPOINT WARNING * * *
Okay, then.
Okay, then.
Okay, then.
Reach: u) +8 spear "Bound With Me" {freeze, rPois, Comp, Dev} (curse)
Press: ? - help, Dir - move target, f/p - gnoll sergeant
Aim: a gnoll sergeant, wielding a +5 trident of protection, wearing a +0 ring mail and wearing a +0 buckler (severely wounded, about 20% to evade the cursed +8 spear "Bound With Me")
You reach to attack!
The gnoll sergeant blocks your attack.
The gnoll sergeant is severely wounded.
The gnoll sergeant hits you from afar with a +5 trident of protection!
You die...

##...# .#......#...
.....# ...........
.....# ........
##...####### ..... ##.##
##..<(...... #g.#g.....
......###### #gg.g...#
.#.#..# #g##.##.#
......# #.# #
##.#..##########h##.##.
.......................#
......##########.##.####
##.#..###### #.# #
#.#......... ..#
###..(.##### ### #.####
###


You could see a gnoll sergeant and 3 gnolls.

Vanquished Creatures
  Grinder (D:5)
  Duvessa (D:5)
  A water moccasin (D:5)
  An ogre (D:5)
  A centaur (D:5)
  2 kobold brigands (Sewer)
  A phantom (D:5)
  2 scorpions (D:4)
  Dowan (D:5)
  A jelly (D:5)
  2 hounds
  Ijyb (D:5)
  Natasha (thrice) (D:4)
  8 iguanas
  A sleepcap (D:5)
  Robin (D:2)
  A gnoll (D:6)
  15 adders
  2 river rats (Sewer)
  4 worms
  5 dart slugs
  3 orcs
  7 bats
  6 endoplasms
  2 giant cockroaches
  15 goblins
  10 hobgoblins
  10 jackals
  3 quokkas
  7 ball pythons
  8 frilled lizards
  6 kobolds
  9 rats
141 creatures vanquished.

Notes
Turn   | Place    | Note
-------+----------+-------------------------------------------
     0 | D:1      | Flugkiller the Octopode Shapeshifter began the quest for
                  | the Orb.
     0 | D:1      | Reached XP level 1. HP: 13/13 MP: 1/1
   144 | D:1      | Reached XP level 2. HP: 18/18 MP: 2/2
   356 | D:1      | Reached XP level 3. HP: 21/23 MP: 3/3
   790 | D:2      | Noticed Robin
  1053 | D:2      | Killed Robin
  1054 | D:2      | Reached XP level 4. HP: 28/28 MP: 4/4
  1172 | D:2      | Reached skill level 3 in Dodging
  1617 | D:3      | Reached XP level 5. HP: 33/33 MP: 5/5
  1687 | D:3      | Reached skill level 4 in Dodging
  1720 | D:3      | Identified the ring "Muemudy" {rElec rPois}
  1827 | D:3      | Identified the +3 hammer of Kegus {elec, MP-9 Int+3 Dex+8}
  1837 | D:3      | Found a runed translucent door.
  1838 | D:3      | Noticed Crazy Yiuf
  2185 | D:4      | Found a shimmering blue altar of Sif Muna.
  2238 | D:4      | Found a glowing drain.
  2289 | Sewer    | Entered a sewer
  2293 | Sewer    | Noticed a kobold brigand
  2315 | Sewer    | Killed a kobold brigand
  2316 | Sewer    | Reached skill level 5 in Dodging
  2316 | Sewer    | Reached XP level 6. HP: 39/39 MP: 6/6
  2937 | D:4      | Identified the +8 spear of Superiority {freeze, rPois}
  2977 | D:4      | Reached XP level 7. HP: 39/46 MP: 7/7
  3209 | D:4      | Reached skill level 5 in Shapeshifting
  3384 | D:4      | Found a broken altar of Ashenzari.
  3437 | D:4      | Noticed Natasha
  3446 | D:4      | Killed Natasha
  3634 | D:4      | Noticed Natasha
  3639 | D:4      | Killed Natasha
  3646 | D:4      | Found a shimmering blue altar of Sif Muna.
  3720 | D:4      | Noticed Natasha
  3727 | D:4      | Found a broken altar of Ashenzari.
  3730 | D:4      | Killed Natasha
  3902 | D:4      | Became a worshipper of Ashenzari the Shackled
  3921 | D:5      | Entered Level 5 of the Dungeon
  3921 | D:5      | Noticed Duvessa
  3921 | D:5      | Noticed Dowan
  3958 | D:5      | Found a radiant altar of Vehumet.
  4217 | D:5      | Killed Duvessa
  4218 | D:5      | Reached XP level 8. HP: 54/54 MP: 8/8
  4219 | D:5      | Killed Dowan
  4515 | D:5      | Reached skill level 6 in Dodging
  4554 | D:5      | Noticed Ijyb
  4565 | D:5      | Killed Ijyb
  4636 | D:5      | Noticed Grinder
  4641 | D:5      | Killed Grinder
  4642 | D:5      | Reached skill level 5 in Fighting
  4733 | D:5      | Reached XP level 9. HP: 61/61 MP: 9/9
  4796 | D:5      | Found Sorel's Weapon Emporium.
  4796 | D:5      | Noticed a +0 demon whip
  5092 | D:6      | Reached skill level 7 in Dodging
  5105 | D:6      | Slain by a gnoll sergeant

Illustrated notes

Levels and vault maps discovered:
D:1:      dpeg_arrival_tiny_b, layout_loops_ring, minmay_tromino_mix6
D:2:      layout_loops_ring, uniq_robin
D:3:      layout_basic, uniq_crazy_yiuf_cottage
D:4:      layout_rooms, mainiacjoe_overflow_surrounded_room,
          kennysheep_little_box, gup_sewer_entry_bubbles, uniq_natasha
D:5:      layout_loops_corners, fiery_altar_vehumet, serial_shops,
          nicolae_shop_mannequins, uniq_duvessa, uniq_ijyb, uniq_grinder
D:6:      layout_basic, mainiacjoe_overflow_concentric_impassable,
          uniq_blork_the_orc

Skill      XL: |  1  2  3  4  5  6  7  8  9 |
---------------+----------------------------+-----
Unarmed Combat | 4 |  4.5
Dodging        | 3 5 6 7 |  7.0
Fighting       | 2 3 5 |  5.0
Shapeshifting  | 4 5 6 |  6.7

Action                     |  1- 3 |  4- 6 |  7- 9 || total
---------------------------+-------+-------+-------++-------
  Melee: Unarmed           |    71 |   158 |     5 ||   234
         Constrict         |    19 |    35 |    18 ||    72
         Tentacles         |    13 |    50 |    15 ||    78
         Punch             |     4 |     2 |     4 ||    10
         Spear             |       |       |    89 ||    89
 Invoke: Curse Item        |       |       |     1 ||     1
    Use: Scroll            |     2 |       |     1 ||     3
         Potion            |       |     1 |       ||     1
   Stab: Sleeping          |     8 |    11 |     9 ||    28
         Distracted        |     1 |     1 |       ||     2
 Armour: Skin              |    24 |    43 |    24 ||    91
  Dodge: Dodged            |    40 |    82 |    39 ||   161
   Form: Beast             |       |       |     1 ||     1
         Flux              |       |       |     1 ||     1

Table legend: (Time is in decaauts)
 A = Elapsed time spent in this place.
 B = Non-inter-level travel time spent in this place.
 C = Inter-level travel time spent in this place.
 D = Time resting spent in this place.
 E = Time spent auto-exploring this place.
 F = Levels seen in this place.
 G = Mean time per level.
                   A        B        C        D        E       F      G
               +--------+--------+--------+--------+--------+-----+--------+
         Total |   5092 |   4860 |    232 |    518 |   2763 |   7 |  727.4 |
       Dungeon |   4509 |   4277 |    232 |    486 |   2489 |   6 |  751.5 |
         Sewer |    583 |    583 |      0 |     32 |    274 |   1 |  583.0 |
               +--------+--------+--------+--------+--------+-----+--------+

Top non-repeatable levels by time:
     D:4: 1205 daAuts
     D:5: 1080 daAuts
     D:2: 828 daAuts
     D:1: 675 daAuts
     D:3: 644 daAuts
   Sewer: 583 daAuts
     D:6: 74 daAuts
